 Dungeon Crawl Stone Soup version 0.31.0-32-g396128a36d (webtiles) character file.

Game seed: 7257598771177410322

355 Peloso the Slasher (level 6, -3/82 HPs)
             Began as a Minotaur Fighter on Mar 25, 2024.
             Was an Initiate of Okawaru.
             Slain by a gnoll
             ... wielding a +0 halberd
             ... led by a gnoll sergeant
              (5 damage)
             ... on level 5 of the Dungeon.
             The game lasted 00:05:20 (3110 turns).

Peloso the Slasher (Minotaur Fighter)               Turns: 3110, Time: 00:05:21

Health: -3/82      AC:  7    Str: 20    XL:     6   Next: 36%
Magic:  5/5        EV: 14    Int:  5    God:    Okawaru [......]
Gold:   111        SH:  5    Dex: 12    Spells: 5/5 levels left

rFire   + . .        a - +0 long sword
rCold   . . .        c - +0 buckler
rNeg    . . .        b - +0 scale mail
rPois   .            (helmet restricted)
rElec   .            (no cloak)
rCorr   .            (no gloves)
SInv    .            f - -1 pair of boots of Sorcery {rF+ Will+ Stlth+}
Will    +....        s - amulet of the acrobat Stlth
                     g - +5 ring of evasion
HPRegen 0.33/turn    (no ring)
MPRegen 0.09/turn

%: acrobat
@: berserking (expiring), marked, very quick
A: horns 2, retaliatory headbutt
a: Renounce Religion


You were on level 5 of the Dungeon.
You worshipped Okawaru.
Okawaru was noncommittal.
You visited 2 branches of the dungeon, and saw 6 of its levels.

You collected 193 gold pieces.
You spent 82 gold pieces at shops.

Inventory:

Hand Weapons
 a - a +0 long sword (weapon)
Armour
 b - a +0 scale mail (worn)
 c - a +0 buckler (worn)
 f - the -1 pair of boots of Sorcery (worn) {rF+ Will+ Stlth+}
   (You acquired it on level 1 of the Dungeon)

   rF+:       It protects you from fire.
   Will+:     It increases your willpower.
   Stlth+:    It makes you more stealthy.
Jewellery
 g - a +5 ring of evasion (left hand)
 s - an amulet of the acrobat (around neck)
Talismans
 i - a serpent talisman
Scrolls
 j - a scroll of enchant weapon {unknown}
 l - 2 scrolls of immolation {unknown}
 m - 2 scrolls of amnesia
 n - a scroll of revelation
 p - a scroll of vulnerability {unknown}
 q - a scroll of teleportation {unknown}
 t - a scroll of identify
Potions
 d - 2 potions of might
 e - 3 potions of haste {unknown}
 h - a potion of brilliance
 k - a potion of attraction
 r - a potion of degeneration {unknown}
 u - a potion of enlightenment {unknown}


   Skills:
 + Level 4.8 Fighting
 + Level 5.4 Long Blades
 + Level 5.1 Armour
 + Level 0.8 Dodging
 + Level 0.1 Stealth
 + Level 5.0 Shields


You had 5 spell levels left.
You didn't know any spells.
Your spell library contained the following spells:

 Spells                   Type           Power      Damage    Failure   Level
 Magic Dart               Conj           0%         1d3       87%         1
 Mercury Vapours          Alch/Air       0%         N/A       95%         2
 Searing Ray              Conj           0%         2d4       95%         2
 Sublimation of Blood     Necr           0%         N/A       95%         2
 Mephitic Cloud           Conj/Alch/Air  0%         N/A       99%         3
 Fulminant Prism          Conj/Alch      0%         3d5       100%        4
 Passage of Golubria      Tloc           0%         N/A       100%        4
 Freezing Cloud           Conj/Ice/Air   0%         6-21      100%        5
 Yara's Violent Unravell  Hex/Alch       0%         3d3       100%        5
 Call Imp                 Summ           Unusable   N/A       N/A         2
 Tukima's Dance           Hex            Unusable   N/A       N/A         3
 Summon Hydra             Summ           Unusable   N/A       N/A         7

Dungeon Overview and Level Annotations

Branches:
Dungeon (5/15)             Temple (1/1) D:4

Altars:
Ashenzari
Cheibriados
Dithmenos
Fedhas
Gozag
Hepliaklqana
Kikubaaqudgha
Makhleb
Nemelex Xobeh
Okawaru
Qazlal
Ru
Sif Muna
Trog
Uskayaw
Vehumet
Xom
Yredelemnul

Shops:
D:2 ?   D:4 =

Annotations:
Temple 2 transporters


Innate Abilities, Weirdness & Mutations

You have a pair of horns on your head.
You reflexively headbutt those who attack you in melee.


Message History

* * * LOW HITPOINT WARNING * * *
You block the gnoll's attack. The gnoll barely misses you.
You hit the gnoll.
You kill the gnoll!
Okawaru accepts your kill.
The gnoll sergeant completely misses you.
You furiously retaliate!
You headbutt the gnoll sergeant!
You kill the gnoll sergeant!
Okawaru accepts your kill. You block the gnoll's attack.
Your Shields skill increases to level 5!
Items here: ) [[ †.
You barely miss the gnoll. You headbutt the gnoll!
The gnoll is almost dead.
A hound comes into view.
You block the gnoll's attack. The gnoll completely misses you.
You block the gnoll's attack.
You closely miss the gnoll.
The gnoll is almost dead.
The gnoll hits you from afar with a +0 halberd!
* * * LOW HITPOINT WARNING * * *
The gnoll barely misses you.
The gnoll hits you from afar with a +0 spear!
* * * LOW HITPOINT WARNING * * *
You closely miss the gnoll. Your headbutt misses the gnoll.
The gnoll is almost dead.
The gnoll barely misses you. You block the gnoll's attack. x2
Unknown command.
You slash the gnoll!
You kill the gnoll!
Okawaru accepts your kill. The gnoll hits you with a +0 halberd.
* * * LOW HITPOINT WARNING * * *
The gnoll misses you.
Things that are here:
a +0 spear; a gnoll corpse You closely miss the gnoll.
You headbutt the gnoll.
The gnoll is heavily wounded.
The gnoll hits you with a +0 halberd.
You die...

*********#######.......).#,#..)..
,,*,,,,,*......#.........#,#.....
,,*,,,,,*......#.........#,#.....
,,*,,*,,*..###'##..........#.....
,,*,,*,,*W.#...#.$......########.
,,,,,*,,,..#)8:#)#.##.### #.
,,,,,*,,,..#..B#.#.##.## ##
*********#######h#.##$##********#
,,,,,,,,,.######@#.##.#.,,,,,,,..
,,,,,,*,,......gg#.##.#.,,,,,,,..
****,,,,,#########.##.#.,,,,,,,,,
,,,,,,,,,..........##...,,,,,,,,,
***,*,***###############********,
,,,,,,,,,.......[.......,,,,,,,,,
***,*,**,,,,,,,,,,,************,,
*,*,**,,,,,,,,,,,,,,,,,,* *,,
***,*,,+,,,,,,,,,,,*****,******,,


You could see a hound and 2 gnolls.

Vanquished Creatures
  A scorpion (D:2)
  A gnoll sergeant (D:5)
  A howler monkey (D:4)
  An orc priest (D:4)
  5 gnolls
  5 adders
  3 dart slugs (D:1)
  2 ribbon worms
  3 orcs (D:4)
  2 bats
  7 endoplasms
  4 giant cockroaches
  7 goblins
  5 hobgoblins
  3 kobolds
  5 ball pythons
  4 frilled lizards
  5 rats
64 creatures vanquished.

Notes
Turn   | Place    | Note
-------+----------+-------------------------------------------
     0 | D:1      | Peloso the Minotaur Fighter began the quest for the Orb.
     0 | D:1      | Reached XP level 1. HP: 19/19 MP: 0/0
   278 | D:1      | Reached XP level 2. HP: 27/27 MP: 1/1
   905 | D:1      | Identified a scroll of acquirement
   906 | D:1      | Acquired the -1 pair of boots of Sorcery {rF+ Will+ Stlth+}
   981 | D:2      | Reached XP level 3. HP: 32/33 MP: 2/2
  1267 | D:2      | Found Pesk's Magic Scroll Boutique.
  1368 | D:2      | Noticed a scorpion
  1373 | D:2      | Killed a scorpion
  1374 | D:2      | Reached XP level 4. HP: 40/40 MP: 3/3
  1382 | D:2      | Found a faded altar of an unknown god.
  1846 | D:2      | Bought a scroll of revelation for 82 gold pieces
  1905 | D:3      | Reached XP level 5. HP: 47/47 MP: 4/4
  2238 | D:4      | Found Vikellipo's Jewellery Boutique.
  2484 | D:4      | Found a shimmering blue altar of Sif Muna.
  2763 | D:4      | Found a staircase to the Ecumenical Temple.
  2808 | D:4      | Reached skill level 5 in Long Blades
  2974 | Temple   | Found a transporter.
  2974 | Temple   | Found a transporter.
  2974 | Temple   | Found a transporter.
  2974 | Temple   | Found a transporter.
  2974 | Temple   | Entered the Ecumenical Temple
  2996 | Temple   | Became a worshipper of Warmaster Okawaru
  3036 | D:5      | Entered Level 5 of the Dungeon
  3055 | D:5      | Reached XP level 6. HP: 52/53 MP: 5/5
  3080 | D:5      | Reached skill level 5 in Armour
  3104 | D:5      | Reached skill level 5 in Shields
  3106 | D:5      | HP: 3/82 [gnoll/+0 spear[a gnoll sergeant] (7)]
  3109 | D:5      | HP: 1/82 [gnoll/+0 halberd[a gnoll sergeant] (2)]
  3110 | D:5      | Slain by a gnoll

Illustrated notes

Levels and vault maps discovered:
D:1:      heliophobic_arrival_enchanted_forest, layout_basic,
          corexii_corridor_pit
D:2:      layout_loops_ring, dreamdust_ecumenical_altar_hidden_monk_grotto,
          serial_shops, nicolae_shop_pleasant_corner_grove
D:3:      layout_rooms
D:4:      layout_loops_ring, mainiacjoe_overflow_cross_hatched,
          minmay_temple_entry_hall, serial_shops, shop_statue
D:5:      kennysheep_windowed_halls, layout_basic, nzn_wu_jian_council_hall,
          serial_shops, shop
Temple:   hellmonk_temple_divided_pantheon

Skill      XL: |  1  2  3  4  5  6 |
---------------+-------------------+-----
Shields        | 4 5 |  5.0
Armour         | 4 5 |  5.1
Fighting       | 4 |  4.8
Long Blades    | 3 4 5 |  5.4
Dodging        | |  0.8
Stealth        | |  0.1

Action                     |  1- 3 |  4- 6 || total
---------------------------+-------+-------++-------
  Melee: Long sword        |    45 |    94 ||   139
         Headbutt          |     5 |    17 ||    22
    Use: Scroll            |     4 |     4 ||     8
         Potion            |     1 |     1 ||     2
 Armour: Scale mail        |    30 |    34 ||    64
  Dodge: Dodged            |    15 |    79 ||    94
  Block: Buckler           |    13 |    19 ||    32
